 Dungeon Crawl Stone Soup version 0.29.1-1-gd02db6906a (webtiles) character file.

Game seed: 15719837364607564799

32 Aphynety the Grave Robber (level 3, 0/24 HPs)
             Began as a Vampire Necromancer on Sept 19, 2022.
             Slain by a rat (3 damage)
             ... on level 3 of the Dungeon.
             The game lasted 00:10:36 (1343 turns).

Aphynety the Grave Robber (Vampire Necromancer)     Turns: 1343, Time: 00:10:36

Health: 0/24       AC:  2    Str:  9    XL:     3   Next: 8%
Magic:  6/6        EV: 12    Int: 17    God:
Gold:   42         SH:  0    Dex: 14    Spells: 5/6 levels left

rFire   . . .      SeeInvis +   f - +0 dagger (elec)
rCold   . . .      Faith    .   (no shield)
rNeg    . . .      Spirit   .   a - +0 robe
rPois   .          Reflect  .   (no helmet)
rElec   .          Harm     .   (no cloak)
rCorr   .          Rampage  .   (no gloves)
Will    .....                   (no boots)
Stlth   ++........              (no amulet)
HPRegen 0.28/turn               (no ring)
MPRegen 0.10/turn               (no ring)

@: healing quickly
A: alive, fangs 3, see invisible, vampiric 2
a: Exsanguinate


You were on level 3 of the Dungeon.
You visited 1 branch of the dungeon, and saw 3 of its levels.

You collected 42 gold pieces.

Inventory:

Hand Weapons
 f - a +0 dagger of electrocution (weapon)
Armour
 a - a +0 robe (worn)
Magical Staves
 k - a staff of fire
Scrolls
 d - 2 scrolls of fear {unknown}
 e - a scroll of amnesia {unknown}
 h - a scroll of blinking {unknown}
 i - a scroll of poison {unknown}
 j - a scroll of identify {unknown}
Potions
 b - a potion of magic
 c - 2 potions of brilliance {unknown}
 g - 2 potions of lignification {unknown}
 l - a potion of ambrosia {unknown}


   Skills:
 + Level 0.9 Short Blades
 + Level 2.6 Dodging
 + Level 3.7 Stealth
 + Level 2.3 Spellcasting
 + Level 4.6 Necromancy


You had 5 spell levels left.
You knew the following spells:

 Your Spells              Type           Power      Damage    Failure   Level
a - Necrotise             Necr           68%        1d7       2%          1

Your spell library contained the following spells:

 Spells                   Type           Power      Damage    Failure   Level
 Vampiric Draining        Necr           17%        2d7       9%          3
 Sting                    Tmut/Pois      4%         1d3       19%         1
 Ensorcelled Hibernation  Hex/Ice        2%         N/A       28%         2
 Poisonous Vapours        Pois/Air       2%         N/A       28%         2
 Animate Dead             Necr           17%        N/A       28%         4
 Spider Form              Tmut/Pois      1%         N/A       50%         3
 Anguish                  Hex/Necr       4%         N/A       58%         4
 Agony                    Necr           17%        N/A       61%         5
 Olgreb's Toxic Radiance  Pois           1%         N/A       88%         4


Dungeon Overview and Level Annotations

Branches:
Dungeon (3/15)

Altars:
Yredelemnul

Annotations:
D:3 Robin


Innate Abilities, Weirdness & Mutations

Your natural rate of healing is accelerated.
You have razor-sharp teeth.
You have supernaturally acute eyesight. (SInv)
You are afflicted with vampirism and can become a bat while bloodless.


Message History

The rat attacks as you move away! The rat closely misses you.
The hobgoblin hits you. The rat barely misses you. The hobgoblin hits you.
The frilled lizard attacks as you move away!
The frilled lizard bites you.
The frilled lizard attacks as you move away!
The frilled lizard closely misses you. The rat attacks as you move away!
The rat bites you. The hobgoblin attacks as you move away!
The hobgoblin hits you.
There is a stone staircase leading up here.
The frilled lizard closely misses you. The rat bites you.
* * * LOW HITPOINT WARNING * * *
The hobgoblin hits you.
* * * LOW HITPOINT WARNING * * *
The hobgoblin attacks as you move away! The hobgoblin closely misses you.
The frilled lizard attacks as you move away!
The frilled lizard closely misses you.
The rat twitches its whiskers.
There is a stone staircase leading up here. 3 goblins come into view.
The goblin shouts!
You hear a shout! x3
Robin of the Strong Arm comes into view.
They are wielding a +0 spear.
The frilled lizard closely misses you. The hobgoblin misses you.
The frilled lizard attacks as you move away!
The frilled lizard bites you.
* * * LOW HITPOINT WARNING * * *
The rat closely misses you.
You miss the frilled lizard.
You bite the frilled lizard, but do no damage.
The frilled lizard bites you but does no damage.
The rat bites you.
* * * LOW HITPOINT WARNING * * *
The hobgoblin closely misses you.
You closely miss the frilled lizard. You bite the frilled lizard.
You kill the frilled lizard!
The rat barely misses you. The hobgoblin hits you.
* * * LOW HITPOINT WARNING * * *
The hobgoblin attacks as you move away! The hobgoblin misses you.
The rat bites you.
You die...

#....... ... #...... #.#
#..... #.# ..... #.#
#####.... #.# #....... #
#.# ###...#+########
#.##.######.....g.........
#...........#.@r#........#
#.#.##....##..........##...
...............<...<#.#
..#..............####.#
###.........#### .#
.........##### .#
.######### g# g#


gg You could see a hobgoblin and a rat.

Vanquished Creatures
  A worm (D:2)
  2 dart slugs
  4 ball pythons (D:2)
  3 bats
  2 endoplasms (D:1)
  2 goblins
  3 jackals (D:2)
  3 kobolds
  A frilled lizard (D:3)
  2 rats
23 creatures vanquished.

Vanquished Creatures (collateral kills)
  A rat (D:1)
1 creature vanquished.

Grand Total: 24 creatures vanquished

Notes
Turn   | Place    | Note
-------+----------+-------------------------------------------
     0 | D:1      | Aphynety the Vampire Necromancer began the quest for the
                  | Orb.
     0 | D:1      | Reached XP level 1. HP: 13/13 MP: 3/3
   307 | D:1      | Reached XP level 2. HP: 11/19 MP: 1/5
   406 | D:1      | You fall into a shaft and drop 1 floor!
  1061 | D:2      | Gained mutation: You are afflicted with vampirism and can
                  | become a bat while bloodless. [Vampire growth]
  1061 | D:2      | Reached XP level 3. HP: 12/24 MP: 6/6
  1310 | D:3      | Found a basalt altar of Yredelemnul.
  1337 | D:3      | Noticed Robin
  1343 | D:3      | Slain by a rat

Illustrated notes

Levels and vault maps discovered:
D:1:      wander_arrival_peaceful_grave, layout_basic,
          ebering_ecumenical_altar_webs, roderic_lattice_a,
          chequers_serial_rivers_micro_c
D:2:      layout_basic, bh_walls_and_bars
D:3:      layout_basic, lemuel_crystal_altar, mainiacjoe_overflow_brackets,
          mainiacjoe_overflow_tiny_flanked,
          chequers_temple_overflow_statue_of_worship, ashenzari_altar_1,
          uniq_robin

Action                   || total
-------------------------++-------
Melee: Unarmed           ||    23
       Dagger            ||    27
       Bite              ||     4
 Cast: Necrotise         ||    38
 Stab: Sleeping          ||     2
       Distracted        ||     2
Armor: Robe              ||    19
Dodge: Dodged            ||    73
